 Dungeon Crawl Stone Soup version 0.20-a0-870-g4070442 (console) character file.

31 hittembot the Shield-Bearer (level 3, 26/29 HPs)
             Began as a Formicid Fighter on Mar 13, 2017.
             Quit the game on level 1 of the Dungeon.
             The game lasted 00:01:36 (936 turns).

hittembot the Shield-Bearer (Formicid Fighter)       Turns: 936, Time: 00:01:37

Health: 26/29      AC:  7    Str: 20    XL:     3   Next: 40%
Magic:  3/3        EV:  8    Int:  7    God:
Gold:   55         SH:  9    Dex: 11    Spells: 2/2 levels left

rFire    . . .     SeeInvis +   a - +0 quarterstaff
rCold    . . .     Gourm    .   b - +0 scale mail
rNeg     . . .     Faith    .   c - +0 shield
rPois    .         Spirit   .   (helmet unavailable)
rElec    .         Reflect  .   (no cloak)
rCorr    .         Harm     .   (no gloves)
MR       .....                  (no boots)
Stlth    ..........             (no amulet)
Regen    0.1/turn               (no ring)
MPRegen  0.1/turn               (no ring)

@: very slow
A: permanent stasis, dig shafts and tunnels, four strong arms, antennae 3
a: Dig, Shaft Self


You were on level 1 of the Dungeon.
You were not hungry.

You visited 1 branch of the dungeon, and saw 1 of its levels.

You collected 55 gold pieces.

Inventory:

Hand Weapons
 a - a +0 quarterstaff (weapon)
Armour
 b - a +0 scale mail (worn)
 c - a +0 shield (worn)
Scrolls
 e - 3 scrolls of identify {unknown}
 h - a scroll of enchant weapon {unknown}
 i - 2 scrolls of teleportation {unknown}
 j - a scroll of amnesia {unknown}
 k - a scroll of enchant armour {unknown}
Potions
 d - a potion of might
Comestibles
 f - 2 bread rations
 g - a chunk of flesh


   Skills:
 + Level 3.6 Fighting
 + Level 2.2 Staves
 + Level 3.7 Armour
 + Level 4.1 Shields


You had 2 spell levels left.
You didn't know any spells.

Dungeon Overview and Level Annotations

Branches:
Dungeon (1/15)

Altars:


Innate Abilities, Weirdness & Mutations

You cannot be hasted, slowed, berserked, paralysed or teleported.
You can dig through walls and to a lower floor.
Your four strong arms can wield two-handed weapons with a shield.
You have a pair of large antennae on your head. (SInv)


Message History

Okay, then.
Are you sure you want to abandon this character and quit the game? (Confirm with "yes".)
Okay, then.
Unknown command.
Okay, then.
The bat hits you but does no damage.
Unknown command.
Are you sure you want to abandon this character and quit the game? (Confirm with "yes".)
Okay, then.
Are you sure you want to abandon this character and quit the game? (Confirm with "yes".)
Okay, then.
Are you sure you want to abandon this character and quit the game? (Confirm with "yes".)
Okay, then.
Are you sure you want to abandon this character and quit the game? (Confirm with "yes".)
Okay, then.
Are you sure you want to abandon this character and quit the game? (Confirm with "yes".)
Okay, then.
Welcome back, hittembot the Formicid Fighter.
Press ? for a list of commands and other information.
Are you sure you want to abandon this character and quit the game? (Confirm with "yes".)

... #... ....... ...#
##.>####......≈ ..P
...........#.≈♣♣♣♣♣ ♣≈
#..........≈♣≈≈≈P♣♣♣♣≈
#...##≈♣..♣≈≈P≈≈≈≈≈≈≈≈
#....♣P≈...........÷).
#...♣≈≈P≈.≈≈≈≈≈≈≈≈≈≈P≈
#..≈≈@≈P≈.≈≈≈≈PPP≈≈≈P≈
#.♣≈≈Pb≈≈.≈≈≈PP≈≈♣♣≈≈≈
##♣≈P≈≈≈≈≈.≈≈≈♣♣♣♣##.♣≈
#P≈≈≈≈≈≈≈≈.≈≈♣♣♣≈# #..#
{#♣♣P≈≈≈≈≈≈.≈≈♣♣≈####...
♣≈≈P≈≈≈≈.≈P♣♣≈......#
♣♣♣≈P≈≈≈.≈P≈♣♣P###.##
♣≈≈≈≈≈.≈≈≈♣♣♣♣##.##
♣♣≈PP≈.≈≈≈≈≈≈≈##.##


You could see a bat.

Vanquished Creatures
  A gnoll (D:1)
  A dart slug (D:1)
  4 bats (D:1)
  2 giant cockroaches (D:1)
  A goblin (D:1)
  4 hobgoblins (D:1)
  A frilled lizard (D:1)
  A kobold (D:1)
  5 rats (D:1)
20 creatures vanquished.

Notes
Turn   | Place    | Note
-------+----------+-------------------------------------------
     0 | D:1      | hittembot the Formicid Fighter began the quest for the Orb.
     0 | D:1      | Reached XP level 1. HP: 18/18 MP: 1/1
    82 | D:1      | Reached skill level 4 in Shields
    82 | D:1      | Reached XP level 2. HP: 18/24 MP: 2/2
   356 | D:1      | Reached XP level 3. HP: 28/29 MP: 3/3
   936 | D:1      | Quit the game

Vault maps used:
D:1:      ncdulo_smallfort, serial_bayou_lagoon_b

Skill      XL: |  1 |
---------------+----+-----
Shields        | 4 |  4.1
Fighting       | |  3.6
Staves         | |  2.2
Armour         | |  3.7

Action                   || total
-------------------------++-------
Melee: Quarterstaff      ||    69
Armor: Scale mail        ||    32
Dodge: Dodged            ||    32
Block: Shield            ||    51
